 Dungeon Crawl Stone Soup version 0.22-a0-166-g5351223 (webtiles) character file.

292 Borgoz the Skirmisher (level 6, -6/56 HPs)
             Began as a Minotaur Abyssal Knight on Feb 13, 2018.
             Was a Priest of Lugonu.
             Mangled by a gnoll
             ... wielding a +0 spear
              (9 damage)
             ... on level 4 of the Dungeon.
             The game lasted 00:04:37 (2824 turns).

Borgoz the Skirmisher (Minotaur Abyssal Knight)     Turns: 2824, Time: 00:04:38

Health: -6/56      AC:  5    Str: 22    XL:     6   Next: 10%
Magic:  6/6        EV: 12    Int:  9    God:    Lugonu [***...]
Gold:   185        SH:  0    Dex: 11    Spells: 5/5 levels left

rFire    . . .     SeeInvis .   a - +1 hand axe
rCold    . . .     Gourm    .   (no shield)
rNeg     . . .     Faith    +   g - +0 ring mail
rPois    .         Spirit   .   (helmet restricted)
rElec    .         Reflect  .   (no cloak)
rCorr    .         Harm     .   (no gloves)
MR       .....                  (no boots)
Stlth    +.........             d - amulet of faith
HPRegen  0.18/turn              (no ring)
MPRegen  0.10/turn              (no ring)

@: mighty
A: retaliatory headbutt, horns 2
a: Depart the Abyss, Bend Space, Banish, Renounce Religion


You were on level 4 of the Dungeon.
You worshipped Lugonu.
Lugonu was most pleased with you.
You were not hungry.

You visited 1 branch of the dungeon, and saw 4 of its levels.
You visited the Abyss 1 time.

You collected 185 gold pieces.

Inventory:

Hand Weapons
 a - a +1 hand axe (weapon)
 e - a +2 flail of protection
Armour
 g - a +0 ring mail (worn)
Jewellery
 d - an amulet of faith (around neck)
Scrolls
 b - a scroll of enchant armour {unknown}
 j - 2 scrolls of amnesia {unknown}
 l - a scroll of teleportation
 m - a scroll of fog {unknown}
Potions
 f - a potion of curing
 i - 3 potions of magic
 k - a potion of flight {unknown}
Comestibles
 c - 10 rations
 n - 3 chunks of flesh


   Skills:
 + Level 5.1 Fighting
 + Level 5.0 Axes
 + Level 4.0 Armour
 + Level 2.6 Dodging
 + Level 0.7 Stealth
 + Level 1.8 Invocations


You had 5 spell levels left.
You didn't know any spells.

Dungeon Overview and Level Annotations

Branches:
Dungeon (4/15)
 Temple: D:4-7

Altars:
Gozag
Kikubaaqudgha
Uskayaw
Xom
Zin


Innate Abilities, Weirdness & Mutations

You reflexively headbutt those who attack you in melee.
You have a pair of horns on your head.


Message History

The bullfrog skeleton misses you.
You hit the gnoll.
The gnoll is almost dead.
You hit the bullfrog skeleton. You hit the gnoll.
The bullfrog skeleton hits you but does no damage.
The gnoll hits you with a spear.
* * * LOW HITPOINT WARNING * * *
The gnoll hits you with a flail.
* * * LOW HITPOINT WARNING * * *
You feel very mighty all of a sudden. The bullfrog skeleton hits you.
* * * LOW HITPOINT WARNING * * *
The gnoll hits you with a spear.
* * * LOW HITPOINT WARNING * * *
You closely miss the gnoll. Your headbutt misses the gnoll.
The gnoll is almost dead.
You closely miss the gnoll. You barely miss the bullfrog skeleton.
The bullfrog skeleton hits you but does no damage.
The gnoll closely misses you. The gnoll hits you with a spear!
You die...

###### #.##
#..#^...##...#
###..#._.....⌠.#
....#.≈..≈....#
.>.#..≈≈≈≈≈..#
#..##..≈≈≈≈..#
#..##..≈≈≈≈((#
#.g#....≈≈≈≈.#
#.g@)⌠..≈≈..!#
#######.Z.(.......##
........#####.#.#.#
.........<........#
.##################


You could see 2 gnolls and a bullfrog skeleton.

Vanquished Creatures
  A gnoll shaman (D:4)
  A centaur skeleton (D:4)
  Jessica (D:2)
  A worker ant (D:4)
  5 gnolls
  An adder (D:2)
  An ooze (D:3)
  2 worms (D:3)
  A dart slug (D:1)
  3 leopard geckos
  12 orcs (D:3)
  4 ball pythons
  11 bats
  7 giant cockroaches
  8 goblins
  8 hobgoblins
  11 jackals
  9 kobolds
  3 quokkas
  4 frilled lizards
  5 rats
99 creatures vanquished.

Notes
Turn   | Place    | Note
-------+----------+-------------------------------------------
     0 | Abyss:1  | Borgoz the Minotaur Abyssal Knight began the quest for the Orb.
     0 | Abyss:1  | Reached XP level 1. HP: 19/19 MP: 1/1
    70 | Abyss:1  | Noticed a ynoxinul
    74 | D:1      | Escaped the Abyss
   167 | D:1      | Reached * piety under Lugonu
   403 | D:1      | Reached XP level 2. HP: 24/27 MP: 2/2
  1110 | D:1      | Reached XP level 3. HP: 29/34 MP: 3/3
  1250 | D:2      | Reached ** piety under Lugonu
  1258 | D:2      | Noticed Jessica
  1269 | D:2      | Reached XP level 4. HP: 12/41 MP: 4/4
  1271 | D:2      | HP: 2/41 [Jessica/nerve-wracking pain (1)]
  1273 | D:2      | Killed Jessica
  1462 | D:2      | Found a hide-covered altar of Uskayaw.
  1544 | D:3      | Reached XP level 5. HP: 30/47 MP: 5/5
  1716 | D:3      | Found a shimmering altar of Xom.
  1735 | D:3      | Reached *** piety under Lugonu
  1740 | D:3      | Reached skill level 5 in Fighting
  1745 | D:3      | Found a shimmering altar of Xom.
  1749 | D:3      | Found a shimmering altar of Xom.
  1749 | D:3      | Found a shimmering altar of Xom.
  1749 | D:3      | Found a shimmering altar of Xom.
  1930 | D:3      | Found a shimmering altar of Xom.
  2401 | D:3      | Found a glowing silver altar of Zin.
  2401 | D:3      | Found an opulent altar of Gozag.
  2601 | D:3      | Found a shimmering altar of Xom.
  2732 | D:4      | Found an ancient bone altar of Kikubaaqudgha.
  2814 | D:4      | Reached skill level 5 in Axes
  2814 | D:4      | Reached XP level 6. HP: 44/56 MP: 6/6
  2824 | D:4      | Mangled by a gnoll

Vault maps used:
D:1:      eino_arrival_cavern_a
D:2:      nicolae_overflow_crystal_walls, first_ration, uniq_jessica
D:3:      grunt_temple_overflow_gold_and_silver, nicolae_xom_altar_mimics,
          guppyfry_early_lair_pool
D:4:      kiku_gazebo_pond_becter, serial_shops, shop

Skill      XL: |  1  2  3  4  5 |
---------------+----------------+-----
Fighting       | 4 5 |  5.1
Axes           | 3 4 5 |  5.0
Armour         | 3 4 |  4.0
Dodging        | 2 |  2.6
Stealth        | |  0.7
Invocations    | |  1.8

Action                   |  1- 3 |  4- 6 || total
-------------------------+-------+-------++-------
Melee: Hand axe          |    96 |   114 ||   210
       Headbutt          |     4 |    17 ||    21
Invok: Depart the Abyss  |     1 |       ||     1
  Use: Scroll            |     6 |       ||     6
       Potion            |     1 |     3 ||     4
 Stab: Invisible         |       |     1 ||     1
  Eat: Chunk             |     1 |     5 ||     6
Armor: Leather armour    |    30 |       ||    30
       Ring mail         |    23 |    30 ||    53
Dodge: Dodged            |    66 |    92 ||   158

Table legend:
 A = Spawn XP
 B = Non-spawn XP
 C = Spawn XP percentage of total XP
 D = Spawn monster count
 E = Non-spawn monster count
 F = Spawn count percentage of total count
 G = Total turns spent on level
                    A         B        C        D         E        F      G
               +---------+---------+-------+---------+---------+-------+---------
         Total |       0 |     418 |   0.0 |       0 |      99 |   0.0 |  2824
               +---------+---------+-------+---------+---------+-------+---------
           D:1 |       0 |      41 |   0.0 |       0 |      24 |   0.0 |  1043
           D:2 |       0 |     143 |   0.0 |       0 |      26 |   0.0 |   399
           D:3 |       0 |     102 |   0.0 |       0 |      43 |   0.0 |  1211
           D:4 |       0 |     132 |   0.0 |       0 |       6 |   0.0 |    97
               +---------+---------+-------+---------+---------+-------+---------
